 Dungeon Sprint DCSS version 0.21-a0-225-g207ae17 (webtiles) character file.

143 Kidiri the Thaumaturge (level 5, -5/28 HPs)
             Began as a Deep Elf Fire Elementalist on Aug 29, 2017.
             Slain by a sixfirhy (10 damage)
             ... summoned by a kobold demonologist
             ... in the Dungeon (Sprint III: "The Ten Rune Challenge").
             The game lasted 00:01:59 (603 turns).

Kidiri the Thaumaturge (Deep Elf Fire Elementalist)  Turns: 603, Time: 00:02:00

Health: -5/28      AC:  3    Str:  3    XL:     5   Next: 4%
Magic:  14/19      EV: 13    Int: 21    God:
Gold:   22         SH:  0    Dex: 15    Spells: 10/23 levels left

rFire    . . .     SeeInvis .   (no weapon)
rCold    . . .     Gourm    .   (no shield)
rNeg     . . .     Faith    .   a - +0 robe
rPois    .         Spirit   .   (helmet restricted)
rElec    .         Reflect  .   k - +0 cloak (curse)
rCorr    .         Harm     .   (no gloves)
MR       .....     NoTele   +   (no boots)
Stlth    ++........             (no amulet)
HPRegen  0.09/turn              (no ring)
MPRegen  0.16/turn              (no ring)

@: no status effects
A: fangs 1, horns 1, weak 1, wild magic 1
a: no special abilities


You were in the Dungeon.
You were not hungry.

You visited 1 branch You collected 22 gold pieces.

Inventory:

Armour
 a - a +0 robe (worn)
 k - a cursed +0 cloak (worn)
Scrolls
 i - a scroll of blinking
 l - a scroll of torment
 n - 2 scrolls of immolation {unknown}
 q - a scroll of fear
 r - a scroll of remove curse {unknown}
Potions
 d - 2 potions of curing
 e - a potion of heal wounds
 f - a potion of haste
 g - 2 potions of magic
 h - a potion of berserk rage
 p - 4 potions of flight
 s - 4 potions of mutation
Books
 b - a book of Flames

   Spells                             Type                      Level
   a - Flame Tongue                   Conjuration/Fire             1
   b - Throw Flame                    Conjuration/Fire             2
   c - Conjure Flame                  Conjuration/Fire             3
   d - Inner Flame                    Hexes/Fire                   3
   e - Sticky Flame                   Conjuration/Fire             4
   f - Fireball                       Conjuration/Fire             5
Comestibles
 c - 2 bread rations
 j - a chunk of flesh
 o - 4 fruits


   Skills:
 - Level 2.4 Dodging
 - Level 2.4 Stealth
 * Level 9.8 Spellcasting
 + Level 5.5 Conjurations
 + Level 6.3 Fire Magic


You had 10 spell levels left.
You knew the following spells:

 Your Spells              Type           Power        Failure   Level  Hunger
a - Flame Tongue          Conj/Fire      #####        1%          1    None
b - Throw Flame           Conj/Fire      #####.       1%          2    None
c - Conjure Flame         Conj/Fire      #####...     3%          3    None
d - Inner Flame           Hex/Fire       ####....     9%          3    None
e - Sticky Flame          Conj/Fire      #####...     9%          4    ##.....


Dungeon Overview and Level Annotations

Branches:
Dungeon (1/1)

Altars:
Kikubaaqudgha
Sif Muna
Vehumet


Innate Abilities, Weirdness & Mutations

You have very sharp teeth.
You have a pair of small horns on your head.
You are weak. (Str -2)
Your spells are a little harder to cast, but a little more powerful.


Message History

The wizard seems to speed up.
Found a metal-bound book and a wide leatherbound book.
Found a deep blue altar of Sif Muna and an ancient bone altar of Kikubaaqudgha.
There is an open door here.
Casting: Flame Tongue
Confirm with . or Enter, or press ? or * to list all spells.
Aiming: Sticky Flame
Press: ? - help, Shift-Dir - straight line, f - wizard
Aim: a wizard, wielding a dagger and wearing a robe (fast)
The sticky flame hits the wizard.
The wizard is severely wounded.
The wizard is covered in liquid flames!
The wizard burns!
You kill the wizard!
You have reached level 5!
The kobold demonologist casts a spell.
The sixfirhy hits you! The sixfirhy shocks you! The sixfirhy misses you.
The sixfirhy hits you.
* * * LOW HITPOINT WARNING * * *
The sixfirhy shocks you!
You die...

##.......#..#..#
.##.##...#..#..###+#+###+#
.##.###..##+#..#..........
####.##..###...'.⌠........
##..##..####...#...######+
....##..###....#.⌠.#
#..##...##.....#...#
..##....#.)....#'###
.###..##.#.....#@3:# .#
#..#####....#_K_# ▓▓ ▓▓▓▓
▓▓▓▓▓▓▓▓▓▓


You could see a kobold demonologist and a sixfirhy.

Vanquished Creatures
  A water elemental (D)
  Crazy Yiuf (D)
  A wizard (D)
  A human (D)
  2 oozes (D)
  2 rats (D)
8 creatures vanquished.

Vanquished Creatures (others)
  2 draconian scorchers (D)
  6 hellions (D)
  3 yaktaurs (D)
11 creatures vanquished.

Grand Total: 19 creatures vanquished

Notes
Turn   | Place    | Note
-------+----------+-------------------------------------------
     0 | D        | Kidiri the Deep Elf Fire Elementalist began the quest for the Orb.
     0 | D        | Reached XP level 1. HP: 10/10 MP: 6/6
    12 | D        | Reached skill level 4 in Spellcasting
    65 | D        | Killed a yaktaur
    82 | D        | Reached XP level 2. HP: 8/15 MP: 3/9
    90 | D        | Learned a level 2 spell: Throw Flame
    97 | D        | Killed a hellion
    97 | D        | Killed a hellion
   105 | D        | Killed a hellion
   105 | D        | Killed a hellion
   124 | D        | Killed a yaktaur
   173 | D        | Killed a hellion
   173 | D        | Killed a hellion
   201 | D        | Killed a yaktaur
   220 | D        | Killed a white draconian scorcher
   237 | D        | Killed a white draconian scorcher
   242 | D        | Reached skill level 5 in Spellcasting
   294 | D        | Reached skill level 6 in Spellcasting
   294 | D        | Reached XP level 3. HP: 7/19 MP: 0/12
   302 | D        | Learned a level 3 spell: Conjure Flame
   306 | D        | Learned a level 3 spell: Inner Flame
   489 | D        | Noticed Crazy Yiuf
   492 | D        | Killed Crazy Yiuf
   492 | D        | Reached skill level 7 in Spellcasting
   492 | D        | Reached skill level 5 in Fire Magic
   524 | D        | Gained mutation: You are weak. (Str -2) [potion of mutation]
   524 | D        | Gained mutation: Your spells are a little harder to cast, but a little more powerful. [potion of mutation]
   524 | D        | Gained mutation: You have very sharp teeth. [potion of mutation]
   524 | D        | Gained mutation: You have a pair of small horns on your head. [potion of mutation]
   559 | D        | Noticed a water elemental
   561 | D        | Killed a water elemental
   561 | D        | Reached skill level 9 in Spellcasting
   561 | D        | Reached skill level 5 in Conjurations
   561 | D        | Reached XP level 4. HP: 24/24 MP: 11/17
   577 | D        | Learned a level 4 spell: Sticky Flame
   600 | D        | Found a radiant altar of Vehumet.
   601 | D        | Found a deep blue altar of Sif Muna.
   601 | D        | Found an ancient bone altar of Kikubaaqudgha.
   601 | D        | Noticed a wizard
   602 | D        | Killed a wizard
   602 | D        | Reached XP level 5. HP: 28/28 MP: 14/19
   603 | D        | Noticed a sixfirhy
   603 | D        | Slain by a sixfirhy

Vault maps used:
D:        dungeon_sprint_mu

Skill      XL: |  1  2  3 |
---------------+----------+-----
Spellcasting   | 4 6 9 |  9.8
Conjurations   | 2 3 5 |  5.5
Fire Magic     | 4 6 |  6.3
Dodging        | |  2.4
Stealth        | |  2.4

Action                   |  1- 3 |  4- 6 || total
-------------------------+-------+-------++-------
 Cast: Flame Tongue      |    23 |       ||    23
       Throw Flame       |     1 |       ||     1
       Conjure Flame     |     1 |       ||     1
       Sticky Flame      |       |     1 ||     1
  Use: Scroll            |     2 |       ||     2
       Potion            |     1 |       ||     1
Armor: Robe              |     1 |       ||     1
Dodge: Dodged            |     8 |     1 ||     9

Table legend:
 A = Spawn XP
 B = Non-spawn XP
 C = Spawn XP percentage of total XP
 D = Spawn monster count
 E = Non-spawn monster count
 F = Spawn count percentage of total count
 G = Total turns spent on level
                    A         B        C        D         E        F      G
               +---------+---------+-------+---------+---------+-------+---------
         Total |       0 |     205 |   0.0 |       0 |       8 |   0.0 |   603
               +---------+---------+-------+---------+---------+-------+---------
             D |       0 |     205 |   0.0 |       0 |       8 |   0.0 |   603
               +---------+---------+-------+---------+---------+-------+---------
